 Seeded DCSS version 0.30-a0-145-g03d90e2 (webtiles) character file.

Game seed: 8568836632975474132 (custom seed)

9617 PurpleRed the Severer (level 11, -24/156 HPs)
             Began as a Hill Orc Artificer on Sept 26, 2022.
             Was an Elder of Cheibriados.
             Annihilated by a skeletal warrior
             ... wielding a +0 glaive
              (26 damage)
             ... on level 10 of the Dungeon.
             The game lasted 00:41:06 (11407 turns).

PurpleRed the Severer (Hill Orc Artificer)         Turns: 11407, Time: 00:41:07

Health: -24/156    AC: 12    Str: 31    XL:     11   Next: 49%
Magic:  16/16      EV:  8    Int: 17    God:    Cheibriados [****..]
Gold:   152        SH:  0    Dex: 20    Spells: 10/10 levels left

rFire   + + .      SeeInvis .    J - +6 hand axe of Honour {spect, *Rage rElec Will+ Str+4}
rCold   . . .      Faith    .    (no shield)
rNeg    . . .      Spirit   .    v - +0 plate armour
rPois   +          Reflect  .    n - +0 helmet
rElec   +          Harm     .    g - scarf {+Inv}
rCorr   +          Rampage  .    (no gloves)
Will    +....      Rage     20%  (no boots)
Stlth   ..........               (no amulet)
HPRegen 0.36/turn                w - ring of wizardry
MPRegen 0.15/turn                M - ring "Zosar" {rElec rPois rF++ rCorr Int-5}

@: berserking, very slow
A: no striking features
a: Renounce Religion, Evoke Invisibility, Bend Time, Temporal Distortion, Slouch


You were on level 10 of the Dungeon.
You worshipped Cheibriados.
Cheibriados was greatly pleased with you.
You visited 2 branches of the dungeon, and saw 11 of its levels.

You collected 618 gold pieces.
You spent 466 gold pieces at shops.

Inventory:

Hand Weapons
 a - a +0 club
 f - a +6 flail of draining
 i - a +0 short sword
 j - a +0 whip
 o - a +0 scimitar
 p - a +5 vampiric rapier
 s - a +1 hand axe of electrocution
 G - a +0 broad axe
 H - a +0 antimagic hand axe
 J - the +6 hand axe of Honour (weapon) {spect, *Rage rElec Will+ Str+4}
   (You found it on level 7 of the Dungeon)

   When its wielder attacks, the weapon's spirit leaps out and strikes again.
   The spirit shares a part of any damage it takes with its wielder.
   Str:       It affects your strength (+4).
   rElec:     It insulates you from electricity.
   *Rage:     It berserks you when you make melee attacks (+20% chance).
   Will:      It increases your willpower.
 R - a +2 war axe of draining
 S - a +4 battleaxe
Missiles
 C - 3 javelins
 D - 41 poisoned darts
 L - a curare-tipped dart
Armour
 b - a +2 robe of fire resistance
 g - a scarf of invisibility (worn)
 n - a +0 helmet (worn)
 v - a +0 plate armour (worn)
 F - +0 swamp dragon scales
 K - a +1 leather armour of cold resistance
Magical Staves
 m - a staff of poison
 T - a staff of earth
Jewellery
 w - a ring of wizardry (left hand)
 y - a ring of ice
 M - the ring "Zosar" (right hand) {rElec rPois rF++ rCorr Int-5}
   (You bought it in a shop on level 3 of the Dungeon)

   [ring of poison resistance]

   Int:       It affects your intelligence (-5).
   rF:        It greatly protects you from fire.
   rElec:     It insulates you from electricity.
   rPois:     It protects you from poison.
   rCorr:     It protects you from acid and corrosion.
Wands
 c - a wand of flame (19) (quivered)
 d - a wand of charming (8)
 e - a wand of iceblast (7)
 B - a wand of light (3)
Scrolls
 l - a scroll of fear
 z - 2 scrolls of blinking
 A - a scroll of summoning
 E - 2 scrolls of amnesia
 P - 2 scrolls of vulnerability
 Q - 2 scrolls of teleportation
 U - a scroll of magic mapping
Potions
 h - a potion of might
 k - a potion of lignification
 q - 4 potions of flight
 r - a potion of magic
 t - 3 potions of heal wounds
 u - a potion of curing
 x - 3 potions of cancellation
 I - a potion of invisibility
 N - a potion of mutation
 O - a potion of attraction


   Skills:
 + Level 11.8 Fighting
 * Level 16.8 Axes
 + Level 3.8 Armour
 - Level 0.7 Dodging
 - Level 0.7 Stealth
 + Level 7.1 Invocations
 - Level 3.0 Evocations


You had 10 spell levels left.
You didn't know any spells.
Your spell library contained the following spells:

 Spells                   Type           Power      Damage    Failure   Level
 Apportation              Tloc           0%         N/A       63%         1
 Gell's Gravitas          Tloc           0%         N/A       92%         3
 Inner Flame              Hex/Fire       0%         N/A       92%         3
 Teleport Other           Tloc           0%         N/A       92%         3
 Cause Fear               Hex            0%         N/A       100%        4
 Alistair's Intoxication  Tmut/Pois      0%         N/A       100%        5
 Dispersal                Tloc           0%         N/A       100%        6
 Discord                  Hex            0%         N/A       100%        8


Dungeon Overview and Level Annotations

Branches:
Dungeon (10/15)            Temple (1/1) D:7            Lair (0/5) D:10
    Orc: D:9-12

Altars:
Ashenzari
Cheibriados
Dithmenos
Elyvilon
Fedhas
Okawaru
Qazlal
Sif Muna
Trog
Wu Jian
Xom
Yredelemnul
Beogh

Shops:
D:2 (=(=   D:3 =

Annotations:
D:4 3 runed translucent doors, bobfrom10's ghost, novice HOAr
D:6 3 runed translucent doors, Ayyar's ghost, novice GnEE; Illumine's ghost, novice VSBe


Message History

The skeletal warrior is lightly damaged.
Your +6 hand axe of Honour {spect, *Rage rElec Will+ Str+4} hits the skeletal warrior.
The skeletal warrior hits you with a +0 glaive.
* * * LOW HITPOINT WARNING * * *
You hit the skeletal warrior.
The skeletal warrior is lightly damaged.
Your +6 hand axe of Honour {spect, *Rage rElec Will+ Str+4} hits the skeletal warrior.
A red film seems to cover your vision as you go berserk!
Cheibriados protects you from inadvertent hurry.
You feel mighty!
You hit the skeletal warrior but do no damage.
The skeletal warrior is moderately damaged.
Your +6 hand axe of Honour {spect, *Rage rElec Will+ Str+4} hits the skeletal warrior!
The skeletal warrior hits you with a +0 glaive!!
* * * LOW HITPOINT WARNING * * *
You slash the skeletal warrior!
The skeletal warrior is heavily damaged.
Your +6 hand axe of Honour {spect, *Rage rElec Will+ Str+4} hits the skeletal warrior.
The skeletal warrior hits you with a +0 glaive!!
* * * LOW HITPOINT WARNING * * *
Unknown command.
You are too berserk!
You are too berserk!
Unknown command.
You are too berserk!
Unknown command.
Okay, then.
Unknown command.
You are too berserk!
Unknown command.
Okay, then.
Unknown command.
You barely miss the skeletal warrior.
The skeletal warrior is heavily damaged.
Your +6 hand axe of Honour {spect, *Rage rElec Will+ Str+4} closely misses the skeletal warrior.
You barely miss the skeletal warrior.
The skeletal warrior is heavily damaged.
Your +6 hand axe of Honour {spect, *Rage rElec Will+ Str+4} hits the skeletal warrior but does no damage.
The skeletal warrior hits you with a +0 glaive!!
You die...

..##..~≈~~≈~≈.....≈~~~≈
..')[...~≈≈≈..>..........
..###[~~~.≈~~...~~~~~~~≈~
..# #....~≈≈..~...≈≈≈~...
..# #...).≈~~~..~~≈≈≈≈~~~
..# #....~~~≈≈~≈≈~≈~~≈≈~.
..# #....~..~~~~≈~..~~...
..# #..~.~..†.~(.........
..# #..........z@........
#######.#############
#....## ####..#
#######)### .......)..#
..........#####
.........)))..#
#.........##...#


You could see a skeletal warrior and a friendly +6 hand axe of Honour {spect,
*Rage rElec Will+ Str+4} (summoned).

Vanquished Creatures
  An ogre mage (D:10)
  Erolcha (D:9)
  Erica (D:7)
  A two-headed ogre (D:9)
  A skeletal warrior (D:10)
  Joseph (D:8)
  Maggie (D:8)
  A komodo dragon (D:8)
  2 trolls (D:10)
  A hornet (D:7)
  A vampire (D:8)
  A spriggan (shapeshifter) (D:8)
  2 wyverns (D:9)
  Eustachio (D:5)
  2 yaks (D:4)
  Edmund (D:5)
  An acid dragon (D:9)
  2 water moccasins
  2 orc warriors (D:8)
  A black bear (D:5)
  An ice beast (D:8)
  An ogre (D:6)
  2 centaurs
  2 wolves (D:10)
  A phantom (D:6)
  3 kobold brigands
  2 bullfrogs
  A necrophage (D:4)
  A gnoll sergeant (D:8)
  3 scorpions
  12 wights
  9 killer bees
  2 electric eels (D:10)
  2 orc priests
  8 hounds
  11 orc wizards
  17 gnolls
  3 adders
  A shadow imp (D:6)
  A white imp (D:6)
  2 worms (D:2)
  2 dart slugs
  25 orcs
  2 bats
  7 endoplasms
  4 giant cockroaches
  4 goblins
  8 hobgoblins
  11 jackals
  5 quokkas
  6 ball pythons
  12 kobolds
  7 rats
203 creatures vanquished.

Vanquished Creatures (collateral kills)
  A yak (D:4)
1 creature vanquished.

Vanquished Creatures (others)
  3 yaks (D:4)
3 creatures vanquished.

Grand Total: 207 creatures vanquished

Notes
Turn   | Place    | Note
-------+----------+-------------------------------------------
     0 | D:1      | PurpleRed the Hill Orc Artificer began the quest for the
                  | Orb.
     0 | D:1      | Reached XP level 1. HP: 16/16 MP: 1/1
   337 | D:1      | Reached skill level 1 in Axes
   337 | D:1      | Reached XP level 2. HP: 23/24 MP: 2/2
   897 | D:1      | Reached XP level 3. HP: 15/30 MP: 3/3
  1247 | D:2      | Found a faded altar of an unknown god.
  1595 | D:1      | Reached skill level 2 in Axes
  1675 | D:2      | Found Xopulin's Jewellery Boutique.
  1971 | D:2      | Found Xuqedgh's Antique Weapon Shoppe.
  2137 | D:2      | Found Piekhlu Peda's Weapon Emporium.
  2372 | D:2      | Reached XP level 4. HP: 32/40 MP: 4/4
  2563 | D:2      | Found Bing's Jewellery Emporium.
  2748 | D:3      | Found a stormy altar of Qazlal.
  2868 | D:3      | Reached skill level 3 in Axes
  2917 | D:3      | Found Saethrya's Jewellery Shop.
  3187 | D:3      | Reached skill level 4 in Axes
  3187 | D:3      | Reached XP level 5. HP: 16/46 MP: 5/5
  3615 | D:4      | Found a runed translucent gate.
  3616 | D:4      | Found a runed translucent gate.
  3616 | D:4      | Identified the +6 chain mail of the Evil One {rF+ rN+ Will-
                  | Str+2}
  3719 | D:4      | Reached skill level 5 in Axes
  3845 | D:4      | Reached XP level 6. HP: 52/53 MP: 6/6
  3892 | D:4      | Noticed bobfrom10's ghost (novice HOAr)
  4244 | D:4      | Noticed a yak
  4252 | D:4      | Noticed a yak
  4252 | D:4      | Noticed a yak
  4260 | D:4      | Noticed a yak
  4262 | D:4      | Noticed a yak
  4264 | D:4      | Reached skill level 5 in Fighting
  4264 | D:4      | Reached skill level 6 in Axes
  4270 | D:4      | Killed a yak
  4271 | D:4      | Reached skill level 7 in Axes
  4271 | D:4      | Reached XP level 7. HP: 62/62 MP: 7/7
  4271 | D:4      | Noticed a yak
  4279 | D:4      | Killed a yak
  4285 | D:4      | Reached skill level 8 in Axes
  4288 | D:4      | Killed a yak
  4289 | D:4      | Reached XP level 8. HP: 71/71 MP: 8/8
  4596 | D:4      | Found a broken altar of Ashenzari.
  4669 | D:4      | Found a runed translucent gate.
  4748 | D:4      | Found a roughly hewn altar of Beogh.
  4776 | D:5      | Entered Level 5 of the Dungeon
  4789 | D:5      | Reached skill level 9 in Axes
  4957 | D:5      | Noticed Edmund
  4977 | D:5      | Killed Edmund
  5200 | D:5      | Reached skill level 10 in Axes
  5357 | D:5      | Noticed Eustachio
  5391 | D:5      | Killed Eustachio
  5519 | D:5      | Reached skill level 11 in Axes
  5680 | D:5      | Found a blossoming altar of Fedhas.
  5814 | D:5      | Found a white marble altar of Elyvilon.
  5814 | D:5      | Found a shadowy altar of Dithmenos.
  5821 | D:5      | Found a shimmering blue altar of Sif Muna.
  5826 | D:5      | Found a snail-covered altar of Cheibriados.
  5827 | D:5      | Found a shimmering altar of Xom.
  5844 | D:5      | Became a worshipper of Cheibriados the Contemplative
  5977 | D:5      | Found an iron altar of Okawaru.
  6074 | D:6      | Found a runed translucent gate.
  6085 | D:6      | Found a runed translucent gate.
  6086 | D:6      | Found a runed translucent gate.
  6087 | D:6      | Noticed Illumine's ghost (novice VSBe)
  6087 | D:6      | Noticed Ayyar's ghost (novice GnEE)
  6173 | D:6      | Found a bloodstained altar of Trog.
  6465 | D:6      | Reached XP level 9. HP: 81/81 MP: 9/9
  6636 | D:7      | Reached skill level 1 in Invocations
  6941 | D:7      | Noticed a hornet
  6946 | D:7      | Paralysed by a hornet for 3 turns
  6951 | D:7      | Paralysed by a hornet for 1 turns
  6952 | D:7      | Killed a hornet
  6953 | D:7      | Reached skill level 12 in Axes
  7409 | D:7      | Identified the +6 hand axe of Honour {spect, *Rage rElec
                  | Will+ Str+4}
  7475 | D:7      | Reached * piety under Cheibriados
  7729 | D:7      | Found a staircase to the Ecumenical Temple.
  7735 | Temple   | Entered the Ecumenical Temple
  7847 | D:8      | Noticed Joseph
  8023 | D:8      | Noticed Erica
  8149 | D:3      | Bought the ring "Zosar" {rElec rPois rF++ rCorr Int-5} for
                  | 466 gold pieces
  8350 | D:7      | Killed Erica
  8351 | D:7      | Reached skill level 13 in Axes
  8536 | D:8      | Noticed Maggie
  8561 | D:8      | Killed Maggie
  8862 | D:8      | Reached skill level 5 in Invocations
  8862 | D:8      | Reached XP level 10. HP: 58/83 MP: 13/13
  9077 | D:8      | Reached skill level 14 in Axes
  9217 | D:8      | Killed Joseph
  9218 | D:8      | Reached skill level 10 in Fighting
  9770 | D:8      | Identified the +1 robe of the Camelopard {Harm}
  9955 | D:9      | Reached ** piety under Cheibriados
  9971 | D:9      | Noticed Erolcha
 10141 | D:9      | Noticed a two-headed ogre
 10294 | D:9      | Killed Erolcha
 10295 | D:9      | Reached skill level 15 in Axes
 10529 | D:9      | Killed a two-headed ogre
 10530 | D:9      | Reached skill level 16 in Axes
 10530 | D:9      | Reached XP level 11. HP: 61/102 MP: 15/15
 10541 | D:9      | Reached *** piety under Cheibriados
 10823 | D:9      | Found an ornate altar of the Wu Jian Council.
 10863 | D:10     | Entered Level 10 of the Dungeon
 11059 | D:10     | Found a staircase to the Lair.
 11131 | D:10     | Noticed a skeletal warrior
 11142 | D:10     | Killed a skeletal warrior
 11252 | D:10     | Noticed an ogre mage
 11268 | D:10     | Killed an ogre mage
 11268 | D:10     | Reached **** piety under Cheibriados
 11395 | D:10     | Noticed a skeletal warrior
 11405 | D:10     | HP: 1/156 [skeletal warrior/+0 glaive (25)]
 11407 | D:10     | Annihilated by a skeletal warrior

Illustrated notes

Levels and vault maps discovered:
D:1:      reono_arrival_mine, layout_rooms, minmay_hexomino_f4
D:2:      layout_basic, ebering_ecumenical_altar_rust, serial_shops,
          nicolae_shop_crystal, shop, shop, nicolae_shop_behind_doors
D:3:      layout_basic, grunt_qazlal_sundering, serial_shops,
          nicolae_square_shop, hex_medium
D:4:      layout_loops_corners, mainiacjoe_overflow_six_doors_small,
          biasface_ghost_orc_armoury
D:5:      layout_rooms, chequers_temple_overflow_minitemple,
          mainiacjoe_overflow_24_doors, mainiacjoe_overflow_catwalk,
          small_statue_intersection, dreamdust_gnoll_farm, uniq_edmund,
          uniq_eustachio
D:6:      layout_rooms, mainiacjoe_overflow_tiny_flanked,
          gammafunk_ghost_cemetery
D:7:      layout_cave_pods, minmay_temple_entry_fiery,
          nicolae_concentric_dashed_squares_mild, kennysheep_generic_room_9
D:8:      minmay_cornered_nines, layout_loops_cross, minmay_misc_feat_diagonals,
          uniq_maggie, uniq_joseph, uniq_erica
D:9:      layout_cross, pdpol_wu_jian_five_deadly_venoms, uniq_erolcha
D:10:     layout_roguey, erik_lair_island, david_orc_5, minmay_pinched_square
Temple:   minmay_temple_curvy_loop

Skill      XL: |  1  2  3  4  5  6  7  8  9 10 11 |
---------------+----------------------------------+-----
Fighting       | 2 3 4 5 6 8 9 11 | 11.8
Axes           | 1 2 4 5 7 8 11 13 16 | 16.8
Invocations    | 5 6 7 |  7.1
Armour         | 3 |  3.8
Dodging        | |  0.7
Stealth        | |  0.7
Evocations     | |  3.0

Action                   |  1- 3 |  4- 6 |  7- 9 | 10-12 || total
-------------------------+-------+-------+-------+-------++-------
Melee: Club              |    20 |       |       |       ||    20
       Whip              |   133 |       |       |       ||   133
       Short sword       |     6 |       |       |       ||     6
       Hand axe          |    24 |    71 |    59 |    91 ||   245
       Punch             |       |     1 |     1 |     1 ||     3
       Flail             |       |       |    93 |       ||    93
       Broad axe         |       |       |    44 |       ||    44
       War axe           |       |       |    12 |    91 ||   103
       Battleaxe         |       |       |       |    14 ||    14
Throw: Javelin           |       |     1 |     6 |       ||     7
 Abil: Evoke Invisibilit |       |       |     1 |     2 ||     3
Evoke: Wand              |     2 |     7 |     8 |    12 ||    29
  Use: Scroll            |       |     9 |    10 |     3 ||    22
       Potion            |       |       |     3 |     2 ||     5
 Stab: Invisible         |       |       |     4 |     5 ||     9
Armor: Leather armour    |     7 |       |       |       ||     7
       Ring mail         |    69 |    21 |       |       ||    90
       Plate armour      |       |       |   136 |   102 ||   238
Dodge: Dodged            |   116 |    36 |    45 |    44 ||   241

Table legend: (Time is in decaauts)
 A = Elapsed time spent in this place.
 B = Non-inter-level travel time spent in this place.
 C = Inter-level travel time spent in this place.
 D = Time resting spent in this place.
 E = Time spent auto-exploring this place.
 F = Levels seen in this place.
 G = Mean time per level.
                   A        B        C        D        E       F      G
               +--------+--------+--------+--------+--------+-----+--------+
         Total |  12558 |  11513 |   1045 |   1120 |   7785 |  11 | 1141.6 |
       Dungeon |  12489 |  11478 |   1011 |   1120 |   7752 |  10 | 1248.9 |
        Temple |     69 |     36 |     33 |      0 |     32 |   1 |   69.0 |
               +--------+--------+--------+--------+--------+-----+--------+

Top non-repeatable levels by time:
     D:8: 2428 daAuts
     D:7: 1842 daAuts
     D:1: 1512 daAuts
     D:4: 1272 daAuts
     D:2: 1249 daAuts
     D:5: 1190 daAuts
     D:3: 1107 daAuts
     D:6: 660 daAuts
    D:10: 619 daAuts
     D:9: 605 daAuts
  Temple: 69 daAuts
